 Dungeon Crawl Stone Soup version 0.26-a0-6-g448add79b7 (webtiles) character file.

Game seed: 4871780736383057687, levelgen mode: deterministic

37 P0NYSLAYSTATION the Cudgeler (level 3, -2/33 HPs)
             Began as a Minotaur Monk on May 24, 2020.
             Slain by a gnoll
             ... wielding a +0 club
              (5 damage)
             ... on level 4 of the Dungeon.
             The game lasted 00:02:32 (388 turns).

P0NYSLAYSTATION the Cudgeler (Minotaur Monk)         Turns: 388, Time: 00:02:33

Health: -2/33      AC:  4    Str: 16    XL:     3   Next: 21%
Magic:  2/2        EV: 13    Int:  7    God:
Gold:   22         SH:  0    Dex: 12    Spells: 2/2 levels left

rFire    . . .     SeeInvis .   a - +0 mace
rCold    . . .     Gourm    .   (no shield)
rNeg     . . .     Faith    .   g - +0 leather armour
rPois    .         Spirit   .   (helmet restricted)
rElec    .         Reflect  .   (no cloak)
rCorr    .         Harm     .   e - +0 pair of gloves
MR       .....                  (no boots)
Stlth    +.........             (no amulet)
HPRegen  0.11/turn              (no ring)
MPRegen  0.08/turn              (no ring)

@: lethally poisoned (-2 -> -4)
A: retaliatory headbutt, horns 2
a: no special abilities


You were on level 4 of the Dungeon.
You were not hungry.

You visited 1 branch of the dungeon, and saw 4 of its levels.

You collected 22 gold pieces.

Inventory:

Hand Weapons
 a - a +0 mace (weapon)
 l - a +4 hunting sling
Missiles
 m - 28 stones (quivered)
Armour
 b - a +0 robe
 e - a +0 pair of gloves (worn)
 g - a +0 leather armour (worn)
Scrolls
 d - a scroll of identify {unknown}
 h - a scroll of random uselessness {unknown}
 k - 3 scrolls of blinking {unknown}
Potions
 i - a potion of berserk rage {unknown}
 j - a potion of stabbing {unknown}
Comestibles
 c - a ration
 f - 9 chunks of flesh


   Skills:
 + Level 4.2 Fighting
 + Level 4.4 Maces & Flails
 + Level 3.6 Dodging
 + Level 1.5 Stealth


You had 2 spell levels left.
You didn't know any spells.
Your spell library was empty.

Dungeon Overview and Level Annotations

Branches:
Dungeon (4/15)
 Temple: D:4-7

Altars:


Innate Abilities, Weirdness & Mutations

You reflexively headbutt those who attack you in melee.
You have a pair of horns on your head.


Message History

You close the door.
You feel sick.
Something unseen opens the door.
There is a stone staircase leading up here.
You climb upwards.
The adder hisses angrily.
The goblin shouts!
A leopard gecko, a worm, 2 hobgoblins and a dart slug come into view.
You feel sick.
The hobgoblin shouts! x2; You hear a shout! x2
An adder comes into view.
A frilled lizard comes into view. x2
The adder completely misses you.
The frilled lizard moves out of view.
Found a dagger, 12 gold pieces, a crooked runed staff and a ration.
There is a stone staircase leading down here.
The adder hisses angrily.
The adder misses you.
You climb downwards.
You feel sick. The gnoll hits you with a +0 club.
* * * LOW HITPOINT WARNING * * *
There is a stone staircase leading up here.
The adder misses you.
You open the door. The gnoll hits you with a +0 club.
You die...

#....
+#########+##...
...............#
...............#
...............#
.............#
.........รท.#
###'####'##......#
+...@S....#......#
#....g....#......#
#.........#g.....#
##...###.##...%..#
#######'# ...####
#.......# ...#
#<......#
######.## ###


You could see a gnoll and an adder.

Vanquished Creatures
  2 adders
  A dart slug (D:3)
  A giant cockroach (D:1)
  2 goblins (D:3)
  3 hobgoblins
  4 jackals (D:1)
  A bat (D:2)
  2 frilled lizards (D:2)
16 creatures vanquished.

Notes
Turn   | Place    | Note
-------+----------+-------------------------------------------
     0 | D:1      | P0NYSLAYSTATION the Minotaur Monk began the quest for the
                  | Orb.
     0 | D:1      | Reached XP level 1. HP: 19/19 MP: 0/0
    61 | D:1      | Reached XP level 2. HP: 22/27 MP: 1/1
   373 | D:4      | Reached XP level 3. HP: 12/33 MP: 2/2
   388 | D:4      | Slain by a gnoll

Illustrated notes

Levels and vault maps discovered:
D:1:      wander_arrival_lonely_grave, layout_basic
D:2:      layout_rooms, first_ration, minmay_fractal_squares_gapless_5,
          uniq_jessica, uniq_sigmund, uniq_robin
D:3:      layout_rooms
D:4:      layout_gridville, uniq_pikel

Skill      XL: |  1  2 |
---------------+-------+-----
Maces & Flails | 4 |  4.4
Fighting       | 4 |  4.2
Dodging        | |  3.6
Stealth        | |  1.5

Action                   || total
-------------------------++-------
Melee: Mace              ||    42
       Headbutt          ||     3
Armor: Robe              ||     5
       Leather armour    ||     1
Dodge: Dodged            ||    33

Table legend:
 A = Non-vault XP
 B = Vault XP
 C = Vault XP percentage of total XP
 D = Non-vault monster count
 E = Vault monster count
 F = Vault count percentage of total count
                 A         B        C        D         E       F
            +---------+---------+-------+---------+---------+-------
      Total |      53 |       0 |   0.0 |      16 |       0 |   0.0
            +---------+---------+-------+---------+---------+-------
        D:1 |      12 |       0 |   0.0 |       6 |       0 |   0.0
        D:2 |       7 |       0 |   0.0 |       5 |       0 |   0.0
        D:3 |      21 |       0 |   0.0 |       4 |       0 |   0.0
        D:4 |      13 |       0 |   0.0 |       1 |       0 |   0.0
            +---------+---------+-------+---------+---------+-------
